 Dungeon Crawl Stone Soup version 0.26-a0-546-g3c2127501a (webtiles) character file.

Game seed: 3556070104670968840

4447 ANON1729 the Proselytiser (level 10, -12/90 HPs)
             Began as a Hill Orc Fighter on Aug 19, 2020.
             Was a Follower of Beogh.
             Mangled by an orc knight
             ... wielding a +0 glaive
              (23 damage)
             ... in a bailey.
             The game lasted 00:11:01 (10153 turns).

ANON1729 the Proselytiser (Hill Orc Fighter)       Turns: 10153, Time: 00:11:01

Health: -12/90     AC: 13    Str: 23    XL:     10   Next: 37%
Magic:  13/17      EV:  6    Int:  8    God:    Beogh [*.....]
Gold:   964        SH: 16    Dex: 10    Spells: 9/9 levels left

rFire    + . .     SeeInvis .   x - +0 broad axe
rCold    . . .     Faith    .   c - +0 kite shield
rNeg     . . .     Spirit   .   F - +0 chain mail {MR+}
rPois    .         Reflect  +   (no helmet)
rElec    .         Harm     .   (no cloak)
rCorr    +                      p - +1 pair of gloves
MR       +....                  (no boots)
Stlth    ..........             C - amulet of reflection
HPRegen  0.25/turn              l - ring of protection from fire
MPRegen  0.15/turn              u - ring of resist corrosion

@: no status effects
A: no striking features
a: Renounce Religion


You were in a bailey.
You worshipped Beogh.
Beogh was aware of your devotion.
You visited 1 branch of the dungeon, and saw 9 of its levels.
You also visited: Bailey.

You collected 964 gold pieces.

Inventory:

Hand Weapons
 a - a +0 war axe
 x - a +0 broad axe (weapon)
Armour
 c - a +0 kite shield (worn)
 p - a +1 pair of gloves (worn)
 F - a +0 chain mail of magic resistance (worn)
Jewellery
 l - a ring of protection from fire (left hand)
 u - a ring of resist corrosion (right hand)
 C - an amulet of reflection (around neck)
 G - a +4 ring of protection {unknown}
Wands
 f - a wand of acid (7)
 k - a wand of iceblast (2)
Scrolls
 e - a scroll of fear {unknown}
 g - 3 scrolls of enchant armour {unknown}
 h - a scroll of immolation {unknown}
 i - 11 scrolls of identify {unknown}
 j - 6 scrolls of teleportation {unknown}
 m - 3 scrolls of enchant weapon {unknown}
 n - 5 scrolls of remove curse {unknown}
 o - 2 scrolls of magic mapping {unknown}
 v - a scroll of random uselessness {unknown}
 w - 2 scrolls of fog {unknown}
 y - a scroll of blinking {unknown}
Potions
 b - a potion of mutation {unknown}
 d - a potion of might
 q - 2 potions of brilliance {unknown}
 r - 3 potions of heal wounds {unknown}
 t - a potion of cancellation {unknown}
 z - 4 potions of curing
 A - 2 potions of lignification {unknown}
 B - a potion of degeneration {unknown}
 D - a potion of stabbing {unknown}
 E - a potion of ambrosia {unknown}


   Skills:
 + Level 8.4 Fighting
 + Level 9.0 Axes
 + Level 7.8 Armour
 + Level 7.7 Shields
 * Level 9.6 Invocations


You had 9 spell levels left.
You didn't know any spells.
Your spell library was empty.

Dungeon Overview and Level Annotations

Branches:
Dungeon (9/15)             Temple (0/1) D:6          Bailey (1/1)
   Lair: D:8-11         Orc: D:9-12

Altars:
Ashenzari
Okawaru
Wu Jian
Xom


Message History

You smite the orc warrior!
You kill the orc warrior!
Beogh accepts your kill.
You can no longer smite your foes.
You block the orc knight's attack.
The orc warrior shoots a bolt.
The bolt hits you!
* * * LOW HITPOINT WARNING * * *
Okay, then.
Unknown command.
Evoke which item? (* to show all) (? for menu, Esc to quit)
Aiming: Corrosive Bolt
Press: ? - help, Shift-Dir - straight line, f - orc warrior
Aim: an orc warrior, wielding a +0 arbalest, wearing a +0 scale mail and quivering 16 bolts (heavily wounded)
The bolt of acid hits the orc warrior!
The orc warrior is splashed with acid.
The acid corrodes the orc warrior!
You kill the orc warrior!
Beogh accepts your kill.
Your Axes skill increases to level 9!
The orc knight hits you from afar with a +0 glaive!!
You die...
Beogh appreciates the orc knight's killing of a heretic priest.

### #########∩##
#####
##.....##.∩.##.....
#.(≈≈≈..#)).#..≈≈≈.
.#.≈≈.≈≈.)(....≈≈.≈≈
.'.≈o∩o≈.......≈oo.≈
#.≈≈)≈≈...(...≈≈o≈≈
#..≈≈≈@.#...#..≈≈≈.
##.....##...##.....
#########∩## #####
###


You could see an orc knight and an orc warrior.

Vanquished Creatures
  Pikel (D:4)
  Grinder (D:6)
  A hippogriff (D:7)
  Sigmund (D:6)
  2 humans (D:7)
  10 orc warriors
  5 ogres
  2 phantoms
  A centaur (D:5)
  4 lemures (D:4)
  A big kobold (D:6)
  2 bullfrogs (D:6)
  A water moccasin zombie (D:5)
  A scorpion (D:4)
  A howler monkey (D:4)
  2 bullfrog zombies
  3 jellies
  A centaur skeleton (D:6)
  7 orc priests
  A bullfrog skeleton (D:4)
  2 hounds (D:4)
  5 orc wizards
  2 gnoll shamans
  3 iguanas
  4 worker ants
  A hound skeleton (D:7)
  7 gnolls
  12 adders
  5 white imps
  2 oozes (D:4)
  2 adder skeletons
  3 dart slugs
  5 leopard geckos
  27 orcs
  6 bats
  5 giant cockroaches
  10 goblins
  5 hobgoblins
  2 jackals (D:1)
  5 quokkas
  2 ball pythons
  2 frilled lizards
  A jackal skeleton (D:8)
  13 kobolds
  10 rats
189 creatures vanquished.

Notes
Turn   | Place    | Note
-------+----------+-------------------------------------------
     0 | D:1      | ANON1729 the Hill Orc Fighter began the quest for the Orb.
     0 | D:1      | Reached XP level 1. HP: 19/19 MP: 1/1
    29 | D:1      | Found a shattered altar of Ashenzari.
    51 | D:1      | Reached XP level 2. HP: 27/27 MP: 2/2
   190 | D:1      | Reached XP level 3. HP: 28/33 MP: 3/3
   981 | D:2      | Reached XP level 4. HP: 31/40 MP: 4/4
   987 | D:2      | Found a faded altar of an unknown god.
  1596 | D:3      | Reached XP level 5. HP: 31/47 MP: 5/5
  1617 | D:3      | HP: 2/47 [orc wizard/magic dart (5)]
  2517 | D:4      | Reached skill level 5 in Fighting
  2517 | D:4      | Reached XP level 6. HP: 52/56 MP: 6/6
  2622 | D:4      | Reached skill level 5 in Axes
  2844 | D:4      | Noticed a phantom
  2919 | D:4      | Killed a phantom
  2919 | D:4      | Reached skill level 5 in Armour
  2919 | D:4      | Reached skill level 5 in Shields
  2919 | D:4      | Reached XP level 7. HP: 16/61 MP: 7/7
  3700 | D:5      | Entered Level 5 of the Dungeon
  3700 | D:5      | Noticed Pikel
  3703 | D:4      | Became a worshipper of Beogh the Brigand
  4086 | D:4      | Killed Pikel
  4086 | D:4      | Reached XP level 8. HP: 11/71 MP: 7/10
  4743 | D:5      | Found a shimmering altar of Xom.
  4747 | D:5      | Found a shimmering altar of Xom.
  4747 | D:5      | Found a shimmering altar of Xom.
  4751 | D:5      | Found a shimmering altar of Xom.
  4751 | D:5      | Found a shimmering altar of Xom.
  4751 | D:5      | Found a shimmering altar of Xom.
  4786 | D:5      | Found a shimmering altar of Xom.
  4834 | D:5      | Reached skill level 5 in Invocations
  5479 | D:6      | Found a staircase to the Ecumenical Temple.
  5502 | D:6      | Reached * piety under Beogh
  5554 | D:6      | Reached XP level 9. HP: 61/79 MP: 13/13
  5752 | D:6      | Noticed Grinder
  5779 | D:6      | Killed Grinder
  6094 | D:6      | Noticed Sigmund
  6354 | D:6      | Killed Sigmund
  6850 | D:7      | Found an iron altar of Okawaru.
  7831 | D:8      | Reached ** piety under Beogh
  8295 | D:7      | Reached XP level 10. HP: 22/88 MP: 12/16
  9705 | D:9      | Found a flagged portal.
  9747 | D:9      | Found an ornate altar of the Wu Jian Council.
  9755 | Bailey   | Entered a bailey
  9758 | Bailey   | Noticed an orc knight
 10153 | Bailey   | Mangled by an orc knight

Illustrated notes

Levels and vault maps discovered:
D:1:      onia_arrival_mini_spirals, layout_basic, minmay_misc_feat_encased,
          evilmike_ruin_ashenzari
D:2:      layout_loops_cross, chequers_ecumenical_altar_island,
          minmay_liquid_box, hangedman_decor_push, grunt_ministairs_11
D:3:      layout_loops_ring, wad_floor_pattern_2
D:4:      kennysheep_spiral_hall, layout_basic
D:5:      layout_cave_pods, serial_column_ruins, column_ruins_hut_ruined,
          column_ruins_hut, column_ruins_columns_straight,
          column_ruins_open_small, column_ruins_open_tiny, column_ruins_grid_3,
          column_ruins_grid_3, nicolae_xom_altar_mimics, uniq_pikel
D:6:      layout_basic, minmay_temple_entry_large_hall, uniq_grinder,
          uniq_sigmund
D:7:      layout_gridville, okawaru_humans
D:8:      layout_gridville
D:9:      layout_long_grid, nicolae_overflow_hidden_temple, basic_altar,
          enter_bailey_2, chequers_serial_rivers_micro_c
Bailey:   bailey_polearm_4, bailey

Skill      XL: |  1  2  3  4  5  6  7  8  9 10 |
---------------+-------------------------------+-----
Axes           | 3 4 5 6 7 8 9 |  9.0
Fighting       | 4 5 6 7 8 |  8.4
Armour         | 4 5 6 7 |  7.8
Shields        | 4 5 6 7 |  7.7
Invocations    | 3 5 8 9 |  9.6

Action                   |  1- 3 |  4- 6 |  7- 9 | 10-12 || total
-------------------------+-------+-------+-------+-------++-------
Melee: War axe           |   105 |   204 |    92 |       ||   401
       Broad axe         |       |       |   232 |    56 ||   288
Invok: Convert to Beogh  |       |       |     1 |       ||     1
       Smiting           |       |       |     1 |     6 ||     7
Evoke: Wand              |       |       |    10 |    15 ||    25
  Use: Potion            |       |     1 |     1 |       ||     2
Armor: Scale mail        |    47 |   104 |   154 |     1 ||   306
       Chain mail        |       |       |       |    11 ||    11
Dodge: Dodged            |    26 |    58 |   102 |     6 ||   192
Block: Kite shield       |    55 |   124 |   183 |    57 ||   419
       Reflection        |       |       |     4 |     7 ||    11

Table legend: (Time is in decaauts)
 A = Elapsed time spent in this place.
 B = Non-inter-level travel time spent in this place.
 C = Inter-level travel time spent in this place.
 D = Time resting spent in this place.
 E = Time spent auto-exploring this place.
 F = Levels seen in this place.
 G = Mean time per level.
                   A        B        C        D        E       F      G
               +--------+--------+--------+--------+--------+-----+--------+
         Total |  10369 |  10137 |    232 |   4231 |   4309 |  10 | 1036.9 |
       Dungeon |   9970 |   9738 |    232 |   3905 |   4309 |   9 | 1107.8 |
        Bailey |    398 |    398 |      0 |    326 |      0 |   1 |  398.0 |
               +--------+--------+--------+--------+--------+-----+--------+

Top non-repeatable levels by time:
     D:4: 2140 daAuts
     D:7: 1905 daAuts
     D:8: 1335 daAuts
     D:3: 1077 daAuts
     D:6: 1065 daAuts
     D:2: 914 daAuts
     D:5: 913 daAuts
     D:1: 567 daAuts
  Bailey: 398 daAuts
     D:9: 51 daAuts
